 Dungeon Crawl Stone Soup version 0.18-a0-382-gd7addec (webtiles) character file.

806 Arkorax the Nimble (level 7, -1/36 HPs)
             Began as a Spriggan Gladiator on Nov 30, 2015.
             Was a Follower of Okawaru.
             Slain by a centaur (10 damage)
             ... on level 6 of the Dungeon.
             The game lasted 00:10:00 (7543 turns).

Arkorax the Nimble (Spriggan Gladiator)             Turns: 7543, Time: 00:10:00

Health: -1/36      AC:  3    Str: 13    XL:     7   Next: 60%
Magic:  8/8        EV: 24    Int: 10    God:    Okawaru [*.....]
Gold:   311        SH:  0    Dex: 16    Spells: 0 memorised, 6 levels left

rFire  + . .     SeeInvis +     a - +0 quarterstaff
rCold  . . .     Clarity  .     y - +0 robe {rF+}
rNeg   . . .     SustAt   .     (shield currently unavailable)
rPois  .         Gourm    .     c - +0 hat
rElec  .         Spirit   .     t - +0 cloak
rCorr  .         Warding  .     (gloves unavailable)
rMut   .         Stasis   .     (boots unavailable)
MR     ++...                    (no amulet)
Stlth  +.........               (no ring)
                                q - ring of protection from magic

@: very quick, very resistant to hostile enchantments, very unstealthy
A: unfitting armour, see invisible, herbivore 3, speed 3, slow metabolism 2
a: Heroism, Renounce Religion


You were on level 6 of the Dungeon.
You worshipped Okawaru.
Okawaru was aware of your devotion.
You were not hungry.

You visited 1 branch of the dungeon, and saw 6 of its levels.

You collected 311 gold pieces.

Inventory:

Hand Weapons
 a - a +0 quarterstaff (weapon)
Missiles
 d - 3 throwing nets (quivered)
Armour
 c - a +0 hat (worn)
 t - a +0 cloak (worn)
 y - a +0 robe of fire resistance (worn)
Jewellery
 q - a ring of protection from magic (left hand)
Scrolls
 f - a scroll of immolation {unknown}
 j - 4 scrolls of remove curse {unknown}
 l - a scroll of blinking {unknown}
 n - 3 scrolls of random uselessness {unknown}
 o - 4 scrolls of amnesia {unknown}
 p - 5 scrolls of teleportation {unknown}
 r - 5 scrolls of noise {unknown}
 u - a scroll of enchant armour {unknown}
 z - a scroll of recharging {unknown}
Potions
 g - 2 potions of ambrosia
 k - a potion of brilliance
 m - a potion of curing
 w - a potion of might
 x - 2 potions of berserk rage
Books
 v - a Fen Folio

   Spells                             Type                      Level
   a - Corpse Rot                     Necromancy                   2
   b - Stone Arrow                    Conjuration/Earth            3
   c - Leda's Liquefaction            Hexes/Earth                  4
   d - Summon Forest                  Summoning/Translocation      5
   e - Hydra Form                     Transmutation                6
   f - Summon Hydra                   Summoning                    7
Comestibles
 b - 2 royal jellies
 e - 6 bread rations
 i - a fruit
 s - a slice of pizza


   Skills:
 + Level 3.4 Fighting
 * Level 4.5 Staves
 - Level 2.0 Throwing
 * Level 9.1 Dodging


You had 6 spell levels left.
You didn't know any spells.

Dungeon Overview and Level Annotations

Branches:
Dungeon (6/15)             Temple (0/1) D:5

Altars:
Cheibriados
Dithmenos
Gozag
Kikubaaqudgha
Makhleb
Okawaru
Ru
Sif Muna
Zin
The Shining One

Annotations:
D:4 Arkorax's ghost, amateur SpGl
D:5 exclusion: door


Innate Abilities, Weirdness & Mutations

You are tiny and cannot use many weapons and most armour.
You have supernaturally acute eyesight.
You are a herbivore.
You cover ground extremely quickly.
You need consume almost no food.


Message History

The poisoned arrow closely misses you.
The centaur unwields an uncursed shortbow.
The centaur barely misses you.
You hit the centaur.
The centaur is lightly wounded.
The centaur completely misses you.
You closely miss the centaur.
The centaur is lightly wounded.
The centaur misses you. The centaur hits you!
* * * LOW HITPOINT WARNING * * *
You hit the centaur but do no damage.
The centaur is lightly wounded.
The centaur completely misses you. The centaur closely misses you.
You sock the centaur!
The centaur is heavily wounded.
The centaur completely misses you.
You hit the centaur.
The centaur is severely wounded.
The centaur misses you. The centaur hits you!
You die...

......(...## #.#
##..## ...
.....##....# #.#
#.#.# .. ###.######)#
#(# #.##.# # ....#
#.# #.# #.. .# #####
#.# #.# ## # # #.#
#.# # ##.## #.# #
#####...####.# #. #
#..........#@######..
#
#.###...##.#c.......
#.# ##.###.#.##.#.#.#
#.####.##...........#
#
#.#....##.###...###.
# #.#....##.# #...# #
##(#...###.###...###.
##...#.##
#...........#
#......##
#...........#


You could see a centaur.

Vanquished Creatures
  A black bear (D:6)
  A centaur (D:6)
  2 giant frogs (D:6)
  A gnoll sergeant (D:6)
  A scorpion (D:5)
  A crimson imp (D:4)
  A hound (D:3)
  A jelly (D:3)
  An orc priest (D:3)
  3 worker ants
  2 gnolls (D:6)
  9 adders
  An ooze (D:2)
  An adder skeleton (D:6)
  3 worms
  3 giant geckos
  7 orcs
  A ball python (D:2)
  7 bats
  6 giant cockroaches
  11 goblins
  9 hobgoblins
  6 jackals
  3 quokkas
  A giant gecko skeleton (D:6)
  3 giant newts
  5 kobolds
  11 rats
102 creatures vanquished.

Notes
Turn   | Place    | Note
--------------------------------------------------------------
     0 | D:1      | Arkorax the Spriggan Gladiator began the quest for the Orb.
     0 | D:1      | Reached XP level 1. HP: 10/10 MP: 2/2
    19 | D:1      | You fall through a shaft!
   140 | D:1      | Reached XP level 2. HP: 13/15 MP: 3/3
   213 | D:1      | Reached skill level 5 in Dodging
   779 | D:1      | Reached XP level 3. HP: 18/18 MP: 4/4
  1371 | D:2      | Found an iron altar of Okawaru.
  1378 | D:2      | Found a shadowy altar of Dithmenos.
  1380 | D:2      | Became a worshipper of Warmaster Okawaru
  1907 | D:2      | Found a snail-covered altar of Cheibriados.
  1970 | D:2      | Found a sacrificial altar of Ru.
  1974 | D:2      | Found a burning altar of Makhleb.
  2086 | D:3      | Reached XP level 4. HP: 17/23 MP: 5/5
  2174 | D:3      | Found a glowing golden altar of the Shining One.
  2190 | D:3      | Reached skill level 6 in Dodging
  3545 | D:3      | Reached XP level 5. HP: 27/27 MP: 6/6
  4306 | D:4      | Noticed Arkorax's ghost (amateur SpGl)
  4742 | D:3      | Reached skill level 7 in Dodging
  4901 | D:3      | Noticed a sky beast
  4916 | D:4      | HP: 1/27 [iguana (12)]
  5567 | D:4      | Reached XP level 6. HP: 18/32 MP: 7/7
  5806 | D:5      | Entered Level 5 of the Dungeon
  5815 | D:5      | Found a staircase to the Ecumenical Temple.
  6777 | D:5      | Found a deep blue altar of Sif Muna.
  6877 | D:6      | Found an ancient bone altar of Kikubaaqudgha.
  6884 | D:6      | Found an opulent altar of Gozag.
  6887 | D:6      | Found a glowing silver altar of Zin.
  6919 | D:6      | Reached skill level 8 in Dodging
  6919 | D:6      | Reached XP level 7. HP: 20/36 MP: 8/8
  7090 | D:6      | Reached * piety under Okawaru
  7493 | D:6      | Reached skill level 9 in Dodging
  7543 | D:6      | Slain by a centaur

Vault maps used:
D:1:      dpeg_arrival_simpleton_a
D:2:      cheibriados_altar_1, minitemple, kennysheep_generic_room_12
D:3:      nicolae_tso_carved_into_rock
D:4:      first_bread, dk_vineyard_2, kennysheep_generic_room_4, uniq_eustachio
D:5:      led_sif_book, minmay_temple_entry_purple_smoke,
          kennysheep_cluttered_room
D:6:      black_bear_nest_1, grunt_temple_overflow_diamond,
          minmay_misc_feat_cross, minmay_misc_feat_four_crosses

Action                   |  1- 3 |  4- 6 |  7- 9 || total
-------------------------+-------+-------+-------++-------
Melee: Quarterstaff      |   141 |   224 |    61 ||   426
Invok: Heroism           |       |       |     1 ||     1
  Use: Potion            |       |     1 |       ||     1
       Scroll            |       |       |     4 ||     4
 Stab: Sleeping          |     5 |     3 |       ||     8
       Distracted        |     1 |       |       ||     1
  Eat: Bread ration      |       |     1 |       ||     1
       Fruit             |       |     1 |       ||     1
